Map: Prion Terraces

Players

Reynor

  • Race: Zerg Zerg
  • League: Grandmaster

Solar - Winner!

  • Race: Zerg Zerg
  • League: Gold

Event: DreamHack ROCCAT LotV Championship

VOD

Have the link to the VOD?

Description

Time

  • Played on: Nov. 26, 2015, 5:32 a.m.
  • Length: 6:12

All games in this series

Show
View Real Time Build Order
Export as new Build Order

Reynor Zerg 

Build Orders: Hatch First, Zergling Baneling 

Get SALT Encoding   

  12  0:01  Drone  
  13  0:18  Overlord  
  13  0:19  Drone  
  14  0:24  Drone, Extractor  
  15  0:36  Drone  
  15  0:40  Drone  
  17  0:53  Hatchery  
  17  0:56  Drone  
  17  1:01  Drone  
  18  1:04  Extractor  
  17  1:16  Spawning Pool  
  16  1:19  Drone  
  16  1:24  Drone  
  18  1:34  Drone  
  19  1:44  Overlord  
  19  1:56  Drone  
  20  2:03  Queen  
  20  2:05  Queen, Zergling x2  
  20  2:07  Drone  
  26  2:09  Metabolic Boost  
  26  2:15  Drone  
  26  2:17  Drone  
  28  2:28  Baneling Nest, Drone  
  28  2:31  Zergling x2  
  30  2:37  Drone  
  30  2:39  Drone  
  31  2:48  Overlord  
  31  2:54  Zergling x2  
  32  3:01  Zergling x4  
  34  3:09  Drone  
  34  3:10  Drone  
  36  3:15  Drone x2  
  36  3:16  Zergling x6  
  41  3:22  Drone  
  41  3:25  Evolution Chamber  
  41  3:26  Overlord  
  41  3:29  Zergling x2  
  42  3:34  Zergling x2  
  43  3:43  Baneling  
  43  3:44  Baneling  
  43  3:45  Baneling x3  
  43  3:46  Baneling  
  43  3:48  Hatchery  
  43  3:49  Drone x2  
  43  3:53  Drone x2  
  45  4:03  Zergling x2  
  45  4:07  Zergling x4  
  45  4:08  Zergling x2  
  49  4:11  Zergling x6  
  49  4:14  Zerg Melee Weapons Level 1  
  51  4:24  Overlord  
  51  4:26  Overlord  
  51  4:31  Baneling x2  
  49  4:35  Zergling x4  
  45  4:46  Zergling x6  
  45  4:47  Zergling x6  
  45  4:48  Baneling x2  
  45  4:49  Zergling x2  
  51  4:53  Queen  
  53  5:01  Zergling x4  
  55  5:08  Zergling x2  
  53  5:15  Zergling x2  
  53  5:16  Zergling x2, Queen  
  53  5:17  Zergling x2  
  53  5:19  Zergling x4  
  53  5:20  Spine Crawler, Baneling x3  
  58  5:24  Zergling x4  
  58  5:26  Zergling x6  
  58  5:27  Zergling x4  
  65  5:30  Zergling x2  
  65  5:35  Zergling x4  
  67  5:39  Baneling x2  
  67  5:48  Zergling x6  
Show
View Real Time Build Order
Export as new Build Order

Solar Zerg - Winner!

Build Orders: Hatch First 

Get SALT Encoding   

  12  0:00  Drone  
  13  0:12  Overlord  
  13  0:17  Drone  
  14  0:30  Drone  
  14  0:31  Drone  
  14  0:34  Drone  
  17  0:51  Hatchery  
  17  0:55  Drone  
  17  0:57  Drone  
  18  1:04  Extractor  
  17  1:12  Spawning Pool  
  17  1:15  Drone  
  17  1:18  Drone  
  18  1:30  Drone  
  19  1:39  Overlord  
  19  1:59  Drone, Queen  
  19  2:01  Zergling x2  
  23  2:03  Queen  
  23  2:04  Drone  
  23  2:07  Metabolic Boost  
  26  2:12  Drone  
  26  2:14  Drone  
  28  2:25  Zergling x2  
  28  2:27  Drone  
  30  2:31  Baneling Nest  
  30  2:33  Drone  
  30  2:36  Drone  
  31  2:42  Overlord  
  31  2:47  Drone  
  32  2:56  Zergling x2  
  33  2:59  Hatchery  
  33  3:01  Drone  
  33  3:06  Drone  
  33  3:08  Drone x3  
  33  3:12  Drone x2  
  39  3:16  Zergling x2  
  39  3:19  Zergling x2  
  41  3:22  Baneling x2  
  41  3:25  Overlord  
  40  3:27  Zergling x2  
  40  3:31  Zergling x2  
  42  3:35  Zergling x2  
  42  3:38  Baneling x2  
  43  3:46  Zergling x8  
  43  3:47  Zergling x4  
  49  3:51  Drone  
  49  3:55  Roach Warren  
  49  3:56  Extractor  
  49  3:57  Overlord  
  49  4:02  Drone  
  47  4:07  Drone  
  47  4:09  Drone x2  
  50  4:12  Queen  
  50  4:13  Drone  
  53  4:20  Overlord  
  52  4:24  Overlord  
  52  4:27  Overlord  
  52  4:31  Zergling x6  
  50  4:33  Zergling x2  
  50  4:35  Zergling x2  
  51  4:39  Roach x2  
  51  4:42  Roach  
  53  4:49  Roach x2  
  53  4:51  Baneling  
  56  4:53  Roach  
  56  4:54  Baneling  
  56  4:56  Roach  
  59  5:03  Zergling x4  
  63  5:13  Overlord, Ravager  
  62  5:15  Baneling x3  
  62  5:16  Zergling x6  
  62  5:17  Zergling x4  
  67  5:24  Zergling x8  
  71  5:29  Zergling x6  
  71  5:34  Zergling x4  
  76  5:36  Baneling  
  76  5:38  Zergling x2  
  76  5:39  Zergling x4  
  79  5:44  Drone  
  79  5:49  Drone  
  79  5:50  Drone  
  79  5:52  Drone  
  79  5:55  Baneling x2  

Tags
 
Add a new tag
Caveats
  • Supply blocks, unpowered buildings, or Contaminate may cause inaccurate times.
  • Supply counts are checked every 10 seconds.